 Dungeon Crawl Stone Soup version 0.30-a0-12-gd8047c6341 (webtiles) character file.

Game seed: 4069417328019479887

8952 nickcage the Bludgeoner (level 11, -3/95 HPs)
             Began as a Minotaur Abyssal Knight on Aug 23, 2022.
             Was a High Priest of Lugonu.
             Slain by a wraith (7 damage)
             ... led by Josephine
             ... on level 9 of the Dungeon.
             The game lasted 00:25:37 (9856 turns).

nickcage the Bludgeoner (Minotaur Abyssal Knight)   Turns: 9856, Time: 00:25:37

Health: -3/95      AC: 16    Str: 27    XL:     11   Next: 16%
Magic:  13/13      EV: 14    Int:  7    God:    Lugonu [*****.]
Gold:   415        SH:  5    Dex: 15    Spells: 10/10 levels left

rFire   . . .      SeeInvis .    P - +5 morningstar
rCold   . . .      Faith    .    I - +0 buckler
rNeg    . . .      Spirit   .    f - +5 scale mail "Gytoef" {Contam Regen+ Dex+3}
rPois   .          Reflect  .    Q - +2 hat
rElec   .          Harm     .    (no cloak)
rCorr   .          Rampage  .    (no gloves)
Will    .....                    g - +0 pair of boots
Stlth   ..........               (no amulet)
HPRegen 1.05/turn                A - +6 ring of strength
MPRegen 0.13/turn                x - +4 ring of evasion

@: about to teleport, slowed, very slow
A: horns 2, retaliatory headbutt
a: Renounce Religion, Depart the Abyss, Bend Space, Banish, Corrupt, Enter the
Abyss


You were on level 9 of the Dungeon.
You worshipped Lugonu.
Lugonu was extremely pleased with you.
You visited 1 branch of the dungeon, and saw 10 of its levels.
You visited the Abyss 1 time.
You also visited: Ossuary.

You collected 613 gold pieces.
You spent 198 gold pieces at shops.

Inventory:

Hand Weapons
 E - a +0 flail
 O - a +2 dire flail of protection
 P - a +5 morningstar (weapon)
Missiles
 F - 16 poisoned darts (quivered)
Armour
 f - the +5 scale mail "Gytoef" (worn) {Contam Regen+ Dex+3}
   (You bought it in a shop on level 2 of the Dungeon)

   Dex:       It affects your dexterity (+3).
   Contam:    It causes magical contamination when unequipped.
   Regen:     It increases your rate of health regeneration.
 g - a +0 pair of boots (worn)
 I - a +0 buckler (worn)
 Q - a +2 hat (worn)
 R - a +0 plate armour
Jewellery
 w - a ring of see invisible
 x - a +4 ring of evasion (right hand)
 A - a +6 ring of strength (left hand)
Wands
 q - a wand of polymorph (12)
 C - a wand of roots (6)
 J - a wand of mindburst (15)
 N - a wand of paralysis (4)
 S - a wand of flame (8)
Scrolls
 h - 13 scrolls of identify
 s - 2 scrolls of poison
 v - 7 scrolls of teleportation
 y - a scroll of enchant armour
 H - 2 scrolls of enchant weapon
 M - a scroll of blinking
Potions
 c - 4 potions of lignification {unknown}
 l - a potion of heal wounds
 n - 2 potions of flight {unknown}
 z - 4 potions of curing {unknown}
 B - a potion of cancellation {unknown}
 D - 2 potions of berserk rage {unknown}
 K - a potion of might
 L - a potion of attraction {unknown}


   Skills:
 + Level 8.8 Fighting
 + Level 15.8 Maces & Flails
 - Level 2.2 Throwing
 + Level 7.3 Armour
 - Level 1.1 Dodging
 + Level 5.3 Shields
 * Level 4.8 Invocations
 - Level 0.1 Evocations


You had 10 spell levels left.
You didn't know any spells.
Your spell library contained the following spells:

 Spells                   Type           Power      Damage    Failure   Level
 Freeze                   Ice            0%         1d3       77%         1
 Sting                    Tmut/Pois      0%         1d3       77%         1
 Poisonous Vapours        Pois/Air       0%         N/A       88%         2
 Frozen Ramparts          Ice            0%         1d1       98%         3
 Ozocubu's Armour         Ice            0%         N/A       98%         3
 Corpse Rot               Necr/Pois/Air  0%         N/A       100%        4
 Hailstorm                Conj/Ice       0%         3d3       100%        4
 Olgreb's Toxic Radiance  Pois           0%         N/A       100%        4
 Metabolic Englaciation   Hex/Ice        0%         N/A       100%        5
 Simulacrum               Ice/Necr       0%         N/A       100%        6
 Ozocubu's Refrigeration  Ice            0%         4d7       100%        7
 Ignition                 Fire           0%         3d3       100%        8


Dungeon Overview and Level Annotations

Branches:
Dungeon (10/15)            Temple (0/1) D:7            Lair (0/5) D:9
Ossuary (visited)
    Orc: D:9-12

Altars:
Cheibriados
Dithmenos
Elyvilon
Fedhas
Gozag
Nemelex Xobeh
Okawaru
Uskayaw
Yredelemnul
The Shining One

Shops:
D:2 [   D:10 :

Annotations:
D:2 LegChain
D:8 Amaemon
D:9 3 runed translucent doors, exclusion: ice statue, Tollund's ghost, journeyman GrEE


Innate Abilities, Weirdness & Mutations

You have a pair of horns on your head.
You reflexively headbutt those who attack you in melee.


Message History

You feel yourself slow down. The wraith hits you.
The wraith drains your vigour!
You feel as though you will be slow longer.
The wraith barely misses you.
There is a stone staircase leading up, spattered with blood here.
The two-headed ogre hits you with a +0 giant club!
The two-headed ogre barely misses you. The wraith closely misses you.
The wraith barely misses you. You block the wraith's attack.
You climb upwards.
Level annotation: 3 runed translucent doors, exclusion: ice statue, Tollund's ghost, journeyman GrEE
There is a stone staircase leading down, spattered with blood here.
You hit the wraith.
The wraith is lightly damaged.
The wraith closely misses you.
The two-headed ogre hits you with a +0 giant club.
The two-headed ogre hits you with a +0 giant spiked club!
The wraith hits you but does no damage. The wraith barely misses you.
You furiously retaliate!
You headbutt the wraith, but do no damage.
You sock the wraith! You headbutt the wraith.
The wraith is moderately damaged.
The wraith barely misses you. The wraith hits you but does no damage.
The wraith closely misses you.
The two-headed ogre hits you with a +0 giant club!!
The two-headed ogre hits you with a +0 giant spiked club!
* * * LOW HITPOINT WARNING * * *
The wraith barely misses you. The wraith hits you but does no damage.
The wraith closely misses you. You furiously retaliate!
You headbutt the wraith, but do no damage.
As you read the scroll of teleportation, it crumbles to dust.
You feel strangely unstable. The wraith hits you but does no damage.
The two-headed ogre hits you with a +0 giant club!!
* * * LOW HITPOINT WARNING * * *
The two-headed ogre hits you but does no damage.
The wraith barely misses you. You furiously retaliate!
You headbutt the wraith. The wraith hits you but does no damage.
The wraith completely misses you. The wraith barely misses you.
The two-headed ogre barely misses you. The two-headed ogre closely misses you.
The wraith hits you!
You die...

#.#########.# ..# #.#
### #.# #.# #.# #.#####
##### #.....#
#...#######W#####
#####......####W@...#
...............OW...#
######.######.####..#
#.# #.# #..# #.# #.#
##..# #.# #.###...##
#.# #.##.....##
######.# #.#...)...#
#......######.#.......#


You could see a two-headed ogre and 3 wraiths.

Vanquished Creatures
  Josephine (D:10)
  2 two-headed ogres
  An orange demon (D:8)
  A hornet (D:8)
  A spriggan (D:9)
  2 wraiths (D:9)
  15 yaks
  A steam dragon (D:7)
  Edmund (D:6)
  An acid dragon (D:8)
  A water moccasin (D:7)
  An ice beast (D:8)
  2 orc warriors
  A sky beast (D:7)
  2 ogres (D:5)
  2 black bears
  2 centaurs
  A phantom (D:6)
  2 kobold brigands (D:8)
  4 bullfrogs
  6 scorpions
  A gnoll sergeant (D:7)
  3 necrophages
  12 wights (D:7)
  3 killer bees (D:9)
  3 howler monkeys
  4 hounds
  3 jellies
  An orc priest (D:7)
  4 iguanas
  Natasha (thrice) (D:4)
  4 orc wizards
  A mummy (Ossuary)
  7 gnolls
  4 adders
  A shadow imp (D:6)
  A white imp (D:7)
  An ufetubus (D:5)
  2 worms (D:4)
  21 orcs
  4 spectral bats (Ossuary)
  4 endoplasms
  3 giant cockroaches
  12 gnoll zombies (Ossuary)
  13 goblins
  7 hobgoblins
  A quokka (D:3)
  5 ball pythons
  7 bats
  A bat simulacrum (Ossuary)
  3 frilled lizards
  3 goblin simulacra (Ossuary)
  5 goblin zombies (Ossuary)
  4 hobgoblin zombies (Ossuary)
  22 kobolds
  7 kobold simulacra (Ossuary)
  3 kobold zombies (Ossuary)
  6 orc zombies (Ossuary)
  4 rats
  4 rat simulacra (Ossuary)
  5 spectral goblins (Ossuary)
  3 spectral rats (Ossuary)
255 creatures vanquished.

Notes
Turn   | Place    | Note
-------+----------+-------------------------------------------
     0 | Abyss:1  | nickcage the Minotaur Abyssal Knight began the quest for
                  | the Orb.
     0 | Abyss:1  | Reached XP level 1. HP: 19/19 MP: 1/1
     1 | D:1      | Escaped the Abyss
   139 | D:1      | Reached skill level 3 in Maces & Flails
   162 | D:1      | Reached XP level 2. HP: 26/26 MP: 2/2
   349 | D:1      | Reached skill level 1 in Throwing
   719 | D:1      | Reached *** piety under Lugonu
   777 | D:1      | Found a faded altar of an unknown god.
  1052 | D:2      | Reached XP level 3. HP: 24/31 MP: 3/3
  1414 | D:2      | Found Plog's Antique Armour Emporium.
  1537 | D:2      | Reached skill level 4 in Maces & Flails
  2249 | D:3      | Found a blossoming altar of Fedhas.
  2256 | D:3      | Found a shadowy altar of Dithmenos.
  2258 | D:3      | Found a sparkling altar of Nemelex Xobeh.
  2258 | D:3      | Found a white marble altar of Elyvilon.
  2259 | D:3      | Found a snail-covered altar of Cheibriados.
  2261 | D:3      | Found a basalt altar of Yredelemnul.
  2414 | D:3      | Reached XP level 4. HP: 39/39 MP: 4/4
  2937 | D:4      | Found an opulent altar of Gozag.
  3034 | D:4      | Reached **** piety under Lugonu
  3043 | D:4      | Noticed Natasha
  3055 | D:4      | HP: 1/39 [Natasha/magic dart (1)]
  3056 | D:4      | Killed Natasha
  3057 | D:4      | Reached skill level 5 in Maces & Flails
  3083 | D:4      | Noticed Natasha
  3090 | D:4      | Killed Natasha
  3250 | D:4      | Found an iron altar of Okawaru.
  3306 | D:4      | Noticed Natasha
  3312 | D:4      | Reached XP level 5. HP: 34/45 MP: 5/5
  3316 | D:4      | Killed Natasha
  3377 | D:4      | Reached skill level 6 in Maces & Flails
  3974 | D:4      | Reached skill level 7 in Maces & Flails
  3978 | D:4      | Reached XP level 6. HP: 21/51 MP: 6/6
  4218 | D:4      | Found a hide-covered altar of Uskayaw.
  4565 | D:5      | Entered Level 5 of the Dungeon
  4719 | D:2      | Bought a masterwork scale mail for 198 gold pieces
  4719 | D:2      | Identified the +5 scale mail "Gytoef" {Contam Regen+ Dex+3}
                  | (You bought it in a shop on level 2 of the Dungeon)
  4847 | D:5      | Reached skill level 8 in Maces & Flails
  4887 | D:5      | Found a sand-covered staircase.
  4892 | Ossuary  | Entered an ossuary
  5104 | Ossuary  | Reached ***** piety under Lugonu
  5252 | D:5      | Reached XP level 7. HP: 57/57 MP: 7/7
  5410 | D:5      | Reached skill level 9 in Maces & Flails
  5490 | D:5      | Reached skill level 10 in Maces & Flails
  6015 | D:6      | Reached skill level 1 in Shields
  6015 | D:6      | Reached XP level 8. HP: 61/66 MP: 8/8
  6077 | D:6      | Reached skill level 11 in Maces & Flails
  6102 | D:6      | Reached skill level 12 in Maces & Flails
  6534 | D:6      | Noticed Edmund
  6549 | D:6      | Killed Edmund
  6550 | D:6      | Reached skill level 5 in Fighting
  6550 | D:6      | Reached XP level 9. HP: 74/74 MP: 9/9
  7089 | D:7      | Found a staircase to the Ecumenical Temple.
  7163 | D:7      | Reached skill level 13 in Maces & Flails
  7166 | D:7      | Reached skill level 5 in Armour
  7656 | D:7      | Noticed a two-headed ogre
  7666 | D:7      | Killed a two-headed ogre
  7868 | D:7      | Reached skill level 14 in Maces & Flails
  7868 | D:7      | Reached XP level 10. HP: 86/86 MP: 10/10
  7875 | D:7      | Found a glowing golden altar of the Shining One.
  7956 | D:8      | Noticed an orange demon
  7957 | D:8      | Noticed Amaemon
  8012 | D:8      | Killed an orange demon
  8203 | D:8      | Paralysed by a hornet for 1 turns
  8297 | D:8      | Reached skill level 15 in Maces & Flails
  9055 | D:9      | Found a runed translucent gate.
  9055 | D:9      | Found a runed translucent gate.
  9055 | D:9      | Found a runed translucent gate.
  9137 | D:9      | Found a staircase to the Lair.
  9291 | D:9      | Noticed Tollund's ghost (journeyman GrEE)
  9435 | D:9      | Noticed an ice statue
  9722 | D:10     | Entered Level 10 of the Dungeon
  9722 | D:10     | Noticed Josephine
  9722 | D:10     | Found Kugoh's Vocational Training.
  9794 | D:10     | Noticed a two-headed ogre
  9799 | D:10     | Killed a two-headed ogre
  9800 | D:10     | Reached skill level 5 in Shields
  9800 | D:10     | Reached XP level 11. HP: 72/95 MP: 13/13
  9804 | D:10     | Killed Josephine
  9808 | D:10     | Noticed a two-headed ogre
  9855 | D:9      | HP: 2/95 [two-headed ogre/+0 giant club (23)]
  9856 | D:9      | Slain by a wraith

Illustrated notes

Levels and vault maps discovered:
D:1:      kilobyte_arrival_exit_the_forest, layout_loops_ring,
          dreamdust_ecumenical_altar_hidden_monk_grotto, st_stairs_9
D:2:      layout_loops_corners, serial_shops, shop
D:3:      layout_loops_corners, minitemple
D:4:      layout_gridville, grunt_temple_overflow_open, kennysheep_dice,
          uniq_natasha
D:5:      layout_loops_ring, enter_ossuary_2, minmay_misc_feat_secret_circle
D:6:      layout_loops_corners, uniq_edmund
D:7:      layout_loops_corners, marbit_many_paths, minmay_temple_entry_slanted
D:8:      layout_loops_corners, uniq_amaemon
D:9:      lemuel_ice_statue, layout_loops_ring, lair_entry_dummy,
          gammafunk_ghost_icy, the_hattery
D:10:     layout_loops_cross, orc_0_dummy, st_stairs_6, nicolae_shop_vocational,
          uniq_josephine

Skill      XL: |  1  2  3  4  5  6  7  8  9 10 |
---------------+-------------------------------+-----
Maces & Flails | 3 4 5 7 8 10 12 14 15 | 15.8
Throwing       | 1 2 |  2.2
Shields        | 1 3 4 5 |  5.3
Fighting       | 5 7 8 |  8.8
Armour         | 4 6 7 |  7.3
Invocations    | 2 4 |  4.8
Dodging        | |  1.1
Evocations     | |  0.1

Action                   |  1- 3 |  4- 6 |  7- 9 | 10-12 || total
-------------------------+-------+-------+-------+-------++-------
Melee: Mace              |    69 |    92 |       |       ||   161
       Headbutt          |     7 |    50 |    48 |    37 ||   142
       Flail             |       |   113 |   146 |       ||   259
       Morningstar       |       |       |    63 |   166 ||   229
       Dire flail        |       |       |    15 |       ||    15
Throw: Boomerang         |    24 |       |       |       ||    24
       Dart              |       |     9 |     5 |     2 ||    16
Evoke: Wand              |       |       |     2 |       ||     2
  Use: Potion            |       |     2 |       |       ||     2
       Scroll            |       |     9 |       |     5 ||    14
Armor: Leather armour    |     4 |       |       |       ||     4
       Ring mail         |    17 |       |       |       ||    17
       Chain mail        |    11 |    41 |       |       ||    52
       Scale mail        |     1 |    32 |    61 |    54 ||   148
Dodge: Dodged            |    36 |    94 |    93 |    85 ||   308
Block: Buckler           |       |       |    34 |    35 ||    69

Table legend: (Time is in decaauts)
 A = Elapsed time spent in this place.
 B = Non-inter-level travel time spent in this place.
 C = Inter-level travel time spent in this place.
 D = Time resting spent in this place.
 E = Time spent auto-exploring this place.
 F = Levels seen in this place.
 G = Mean time per level.
                   A        B        C        D        E       F      G
               +--------+--------+--------+--------+--------+-----+--------+
         Total |   9860 |   9279 |    581 |    481 |   7032 |  12 |  821.7 |
       Dungeon |   9511 |   8930 |    581 |    481 |   6847 |  10 |  951.1 |
         Abyss |      1 |      1 |      0 |      0 |      0 |   1 |    1.0 |
       Ossuary |    347 |    347 |      0 |      0 |    185 |   1 |  347.0 |
               +--------+--------+--------+--------+--------+-----+--------+

Top non-repeatable levels by time:
     D:4: 1594 daAuts
     D:3: 1174 daAuts
     D:8: 1070 daAuts
     D:2: 1057 daAuts
     D:1: 1027 daAuts
     D:7: 979 daAuts
     D:6: 922 daAuts
     D:5: 843 daAuts
     D:9: 805 daAuts
 Ossuary: 347 daAuts
    D:10: 35 daAuts
 Abyss:1: 1 daAuts
